Map: Blackpink LE

Players

MaxiVal

  • Race: Protoss Protoss
  • League: Silver
  • Spawn Location: 7:00

Infamous - Winner!

  • Race: Protoss Protoss
  • League: Silver
  • Spawn Location: 1:00

VOD

Have the link to the VOD?

Description

Time

  • Played on: March 26, 2018, 10:26 a.m.
  • Length: 9:34
Show
View Real Time Build Order
Export as new Build Order

MaxiVal Protoss 

Build Orders:  

Get SALT Encoding   

  12  0:03  Probe (Chrono Boost)  
  13  0:17  Probe (Chrono Boost)  
  13  0:20  Pylon  
  14  0:28  Probe  
  15  0:40  Probe  
  16  0:46  Forge  
  16  0:52  Assimilator  
  16  0:57  Probe  
  17  1:10  Probe  
  18  1:22  Probe (Chrono Boost), Photon Cannon  
  19  1:53  Pylon  
  19  2:05  Gateway  
  19  2:16  Photon Cannon  
  19  2:21  Photon Cannon  
  19  2:25  Photon Cannon  
  19  2:36  Assimilator  
  19  2:39  Probe  
  20  2:49  Pylon  
  20  2:56  Protoss Ground Weapons Level 1 (Chrono Boost)  
  20  2:57  Pylon  
  20  3:09  Probe (Chrono Boost)  
  20  3:10  Pylon  
  22  3:20  Probe (Chrono Boost)  
  22  3:25  Pylon, Probe (Chrono Boost)  
  23  3:28  Zealot  
  25  3:45  Photon Cannon  
  25  3:50  Photon Cannon  
  25  3:57  Cybernetics Core  
  25  4:05  Zealot  
  27  4:16  Photon Cannon  
  27  4:31  Pylon  
  27  4:40  Stalker, Stargate  
  29  4:56  Photon Cannon  
  29  5:08  Photon Cannon  
  29  5:10  Stalker  
  31  5:17  Shield Battery  
  31  5:38  Pylon, Phoenix  
  33  5:44  Stalker  
  33  5:49  Protoss Air Weapons Level 1  
  35  5:58  Photon Cannon  
  35  6:03  Phoenix  
  37  6:11  Nexus  
  37  6:24  Robotics Facility  
  38  7:22  Observer  
  38  7:28  Protoss Ground Armor Level 1  
  38  7:30  Stalker  
  40  7:39  Photon Cannon  
  40  7:45  Twilight Council  
  40  7:57  Observer  
  40  7:58  Pylon  
  41  8:23  Photon Cannon  
  41  8:38  Dark Shrine  
  41  8:43  Probe  
  38  8:56  Probe  
  38  9:02  Photon Cannon  
  39  9:05  Photon Cannon  
  39  9:08  Probe  
Show
View Real Time Build Order
Export as new Build Order

Infamous Protoss - Winner!

Build Orders:  

Get SALT Encoding   

  12  0:01  Probe  
  13  0:13  Probe  
  14  0:19  Pylon  
  14  0:26  Probe  
  15  0:39  Probe (Chrono Boost)  
  15  0:40  Gateway  
  16  0:51  Probe (Chrono Boost)  
  17  0:59  Probe (Chrono Boost), Assimilator  
  18  1:09  Probe (Chrono Boost)  
  19  1:12  Pylon  
  19  1:17  Probe (Chrono Boost)  
  20  1:35  Probe  
  20  1:39  Cybernetics Core  
  21  1:49  Pylon  
  21  1:50  Probe  
  21  2:00  Gateway  
  21  2:01  Gateway  
  21  2:09  Assimilator  
  21  2:17  Warp Gate (Chrono Boost)  
  21  2:20  Robotics Facility  
  21  2:30  Probe  
  22  2:41  Adept  
  22  2:42  Probe  
  25  2:54  Nexus  
  25  2:59  Probe  
  26  3:08  Observer  
  26  3:11  Pylon  
  27  3:15  Pylon  
  27  3:21  Probe (Chrono Boost)  
  28  3:30  Probe (Chrono Boost)  
  29  3:40  Probe  
  30  3:53  Gateway  
  30  3:57  Gateway  
  30  3:58  Gateway  
  30  4:16  Probe (Chrono Boost)  
  32  4:21  Immortal, Probe (Chrono Boost)  
  35  4:30  Probe (Chrono Boost)  
  35  4:31  Sentry x3  
  42  4:44  Pylon  
  42  4:52  Adept  
  42  4:57  Probe (Chrono Boost)  
  46  5:02  Probe (Chrono Boost), Immortal  
  51  5:08  Probe (Chrono Boost)  
  51  5:11  Twilight Council  
  51  5:12  Probe (Chrono Boost)  
  52  5:14  Probe (Chrono Boost)  
  53  5:22  Probe  
  53  5:28  Adept x2  
  54  5:29  Adept x2  
  54  5:32  Probe  
  54  5:34  Probe  
  62  5:36  Assimilator  
  62  5:44  Probe  
  62  5:46  Charge (Chrono Boost)  
  62  5:49  Pylon  
  63  5:52  Zealot x2  
  63  5:53  Forge  
  67  6:02  Probe (Chrono Boost)  
  69  6:08  Probe (Chrono Boost)  
  69  6:09  Stalker x2  
  73  6:15  Probe (Chrono Boost)  
  73  6:16  Probe (Chrono Boost)  
  75  6:23  Stalker  
  77  6:28  Probe (Chrono Boost)  
  78  6:37  Assimilator  
  78  6:42  Pylon  
  78  6:45  Pylon, Protoss Ground Weapons Level 1 (Chrono Boost)  
  78  6:47  Gateway  
  78  6:49  Gateway  
  78  6:52  Templar Archives  
  78  7:00  Probe x2, Warp Prism  
  82  7:12  Probe  
  83  7:20  Probe  
  84  7:24  Probe  
  84  7:25  Stalker x4  
  93  8:06  Pylon  
  93  8:11  Pylon  
  93  8:18  Pylon  
  93  8:22  Shield Battery  
  93  8:23  Photon Cannon  
  93  8:24  Immortal  
  97  8:30  Shield Battery  
  97  8:32  Photon Cannon  
  97  8:46  Nexus  
  97  8:50  Pylon  
  97  8:52  Pylon  
  97  8:54  Stalker x2  
  97  8:55  Pylon, Stalker x4  
  109  8:56  Stalker  
  103  9:23  Stalker x6  
Tags
 
Matchup
PvP
Replay Pack
Last Remnant (2)
Spawn Locations
Cross Positions
Add a new tag
Caveats
  • Supply blocks, unpowered buildings, or Contaminate may cause inaccurate times.
  • Supply counts are checked every 10 seconds.